 Dungeon Crawl Stone Soup version 0.28.0-43-g3370ac3207 (webtiles) character file.

Game seed: 15154642011548890211

443 styxcanada the Covert (level 6, -17/30 HPs)
             Began as a Spriggan Brigand on Mar 14, 2022.
             Was an Initiate of Gozag.
             Demolished by a two-headed ogre
             ... wielding a +0 giant spiked club
              (25 damage)
             ... on level 5 of the Dungeon.
             The game lasted 00:16:44 (4574 turns).

styxcanada the Covert (Spriggan Brigand)            Turns: 4574, Time: 00:16:46

Health: -17/30     AC: 11    Str:  7    XL:     6   Next: 71%
Magic:  8/8        EV: 18    Int: 13    God:    Gozag
Gold:   687        SH:  0    Dex: 18    Spells: 4/7 levels left

rFire   . . .      SeeInvis +   h - +3 dagger (protect)
rCold   . . .      Faith    .   (no shield)
rNeg    . . .      Spirit   .   b - +0 robe
rPois   .          Reflect  .   (helmet restricted)
rElec   .          Harm     .   c - +1 cloak
rCorr   .          Rampage  .   (gloves unavailable)
Will    +....                   (boots unavailable)
Stlth   ++........              (no amulet)
HPRegen 0.10/turn               (no ring)
MPRegen 0.11/turn               (no ring)

@: confused, ambrosia-drunk, under a protective aura, very quick
A: very small, no large weapons, unfitting armour, see invisible, speed 3
a: Renounce Religion, Potion Petition, Call Merchant, Bribe Branch


You were on level 5 of the Dungeon.
You worshipped Gozag.
Gozag was pleased with you.
You visited 1 branch of the dungeon, and saw 5 of its levels.

You collected 813 gold pieces.
You spent 64 gold pieces at shops.
You paid 62 gold pieces to Gozag.

Inventory:

Hand Weapons
 a - a +2 dagger
 h - a +3 dagger of protection (weapon)
Missiles
 d - 5 poisoned darts (quivered)
 e - 4 curare-tipped darts
 f - 14 stones
 w - 30 sling bullets
Armour
 b - a +0 robe (worn)
 c - a +1 cloak (worn)
Magical Staves
 q - a staff of air
Jewellery
 l - a +6 ring of intelligence
 u - a ring of flight
Scrolls
 i - a scroll of identify
 j - 2 scrolls of teleportation
 o - 2 scrolls of enchant armour
 x - 2 scrolls of magic mapping
Potions
 m - 2 potions of flight
 p - 2 potions of curing
 t - a potion of brilliance


   Skills:
 * Level 2.2 Fighting
 + Level 3.3 Short Blades
 + Level 2.4 Throwing
 * Level 3.6 Dodging
 * Level 10.0 Stealth
 * Level 1.0 Spellcasting
 * Level 0.1 Conjurations
 * Level 0.1 Fire Magic


You had 4 spell levels left.
You knew the following spells:

 Your Spells              Type           Power      Damage    Failure   Level
a - Conjure Flame         Conj/Fire      1%         6-21      61%         3

Your spell library contained the following spells:

 Spells                   Type           Power      Damage    Failure   Level
 Ignite Poison            Fire/Tmut/Pois 0%         N/A       63%         3
 Sticky Flame             Conj/Fire      1%         2d3       95%         4


Dungeon Overview and Level Annotations

Branches:
Dungeon (5/15)
 Temple: D:4-7

Altars:
Gozag
Ru
Sif Muna
Xom
Zin
The Shining One

Shops:
D:2 (   D:4 =**[   D:5 *

Annotations:
D:5 Grinder, Pikel


Innate Abilities, Weirdness & Mutations

You are very small and have problems with some larger weapons.
You are too small for most types of armour.
You have supernaturally acute eyesight. (SInv)
You cover ground extremely quickly. (Speed+++)


Message History

You throw a poisoned dart. The poisoned dart hits Pikel.
Pikel looks even sicker.
A two-headed ogre comes into view.
It is wielding a +0 giant spiked club and a +0 dire flail.
Found a ring mail.
Throw: 6 darts (poison)
Press: ? - help, Q - select action, (/) - cycle Shift-Dir - straight line, f/p - Pikel
Aim: Pikel, wielding a +2 whip of flaming and wearing a +0 robe (lightly wounded, very poisoned, 56% to hit)
You throw a poisoned dart. The poisoned dart barely misses Pikel.
The two-headed ogre shouts in stereo!
Pikel hits you with a +2 whip of flaming!
Pikel burns you.
* * * LOW HITPOINT WARNING * * *
It was a potion of ambrosia.
You are confused.
You feel invigorated.
Pikel hits you with a +2 whip of flaming.
* * * LOW HITPOINT WARNING * * *
Pikel burns you.
* * * LOW HITPOINT WARNING * * *
You are too confused!
Okay, then.
You bump into the rock wall.
Pikel hits you with a +2 whip of flaming.
* * * LOW HITPOINT WARNING * * *
Pikel burns you.
* * * LOW HITPOINT WARNING * * *
Unknown command.
You hit the two-headed ogre but do no damage.
Your weapon exudes an aura of protection.
The two-headed ogre closely misses you.
The two-headed ogre completely misses you.
You bump into the rock wall.
Pikel hits you with a +2 whip of flaming.
* * * LOW HITPOINT WARNING * * *
Pikel burns you.
* * * LOW HITPOINT WARNING * * *
The two-headed ogre hits you with a +0 giant spiked club!!
Ouch! That really hurt!
You die...
Your body crumbles into a pile of gold.

## #... ..# . #.#.
#.# #. #.#.##.# #.#
#########.#..#.#
#O##..............#
#@#......$..##.#.#
##K..5...........#
#[#5............(.
#.##5.......)#.##.#
...
#.........#.##.#
###
#..$((.........#
###########.####
#.# #.#


You could see a two-headed ogre, Pikel (poisoned) and 3 lemures.

Vanquished Creatures
  A black bear (D:4)
  3 scorpions (D:4)
  A hound (D:4)
  A centaur skeleton (D:4)
  A shadow imp (D:5)
  2 adder skeletons (D:4)
  A worm (D:2)
  2 dart slugs (D:4)
  5 orcs
  9 bats
  7 endoplasms
  5 giant cockroaches
  4 hobgoblins
  6 jackals
  5 kobolds
  4 quokkas
  8 ball pythons
  3 frilled lizards (D:1)
  8 goblins
  A jackal skeleton (D:4)
  9 rats
86 creatures vanquished.

Vanquished Creatures (others)
  An angel (D:4)
1 creature vanquished.

Grand Total: 87 creatures vanquished

Notes
Turn   | Place    | Note
-------+----------+-------------------------------------------
     0 | D:1      | styxcanada the Spriggan Brigand began the quest for the
                  | Orb.
     0 | D:1      | Reached XP level 1. HP: 10/10 MP: 2/2
   188 | D:1      | Reached skill level 6 in Stealth
   398 | D:1      | Reached XP level 2. HP: 5/14 MP: 3/3
  1026 | D:1      | Reached skill level 7 in Stealth
  1205 | D:1      | Reached XP level 3. HP: 17/18 MP: 4/4
  1725 | D:2      | You fall into a shaft and drop 1 floor!
  1771 | D:2      | Found Vuwkaovy's Weapon Shoppe.
  2287 | D:3      | Found a sacrificial altar of Ru.
  2437 | D:3      | Reached XP level 4. HP: 19/23 MP: 5/5
  2753 | D:3      | Found a shimmering blue altar of Sif Muna.
  2926 | D:4      | Noticed a scorpion
  2946 | D:4      | Killed a scorpion
  2947 | D:4      | Reached skill level 8 in Stealth
  2947 | D:4      | Reached XP level 5. HP: 26/26 MP: 6/6
  3002 | D:4      | Killed an angel
  3198 | D:4      | Found a glowing silver altar of Zin.
  3204 | D:4      | Found a shimmering altar of Xom.
  3290 | D:4      | Reached skill level 9 in Stealth
  3313 | D:4      | Found a glowing golden altar of the Shining One.
  3508 | D:4      | Reached XP level 6. HP: 30/30 MP: 7/7
  3541 | D:4      | Learned a level 3 spell: Conjure Flame
  3987 | D:4      | Found Qieciz's Antique Armour Shop.
  3988 | D:4      | Found Qiafuabon's General Store.
  3990 | D:4      | Found Goppasyo's Jewellery Shop.
  3991 | D:4      | Found Ywis's General Store.
  3997 | D:4      | Bought 2 curare-tipped darts for 15 gold pieces
  4023 | D:4      | Found an opulent altar of Gozag.
  4031 | D:4      | Became a worshipper of Gozag Ym Sagoz the Greedy
  4097 | D:4      | Reached skill level 10 in Stealth
  4134 | D:5      | Entered Level 5 of the Dungeon
  4134 | D:5      | Found Ischou Yjyed's General Store.
  4143 | D:5      | Bought a scroll of magic mapping for 49 gold pieces
  4145 | D:5      | Noticed Grinder
  4156 | D:5      | Noticed Pikel
  4346 | D:5      | Identified a scroll of acquirement
  4346 | D:5      | Acquired 570 gold pieces
  4562 | D:5      | Reached skill level 1 in Spellcasting
  4566 | D:5      | Noticed a two-headed ogre
  4574 | D:5      | Demolished by a two-headed ogre

Illustrated notes

Levels and vault maps discovered:
D:1:      minmay_arrival_wavy_path, layout_basic
D:2:      layout_basic, serial_shops,
          nicolae_shop_temple_entry_statues_fountains, hangedman_decor_opposing
D:3:      layout_loops_cross, nicolae_ru_sacrificial_ziggurat,
          mainiacjoe_overflow_brackets, chequers_serial_rivers_micro_e
D:4:      layout_gridville, grunt_temple_overflow_order_and_chaos_1,
          nicolae_gozag_cash_rules_everything_around_me,
          nicolae_tso_carved_into_rock, minmay_shop_grid_forest
D:5:      layout_loops_cross, gammafunk_temple_overflow_forgotten, serial_shops,
          nicolae_shop_hallway_stairs, chequers_serial_rivers_small_b,
          uniq_sigmund, uniq_grinder, uniq_pikel, uniq_edmund

Skill      XL: |  1  2  3  4  5  6 |
---------------+-------------------+-----
Stealth        | 6 7 8 9 10 | 10.0
Dodging        | 2 3 |  3.6
Fighting       | 2 |  2.2
Short Blades   | 3 |  3.3
Spellcasting   | 1 |  1.0
Throwing       | |  2.4
Conjurations   | |  0.1
Fire Magic     | |  0.1

Action                   |  1- 3 |  4- 6 || total
-------------------------+-------+-------++-------
Melee: Dagger            |   155 |    98 ||   253
       Punch             |     2 |     1 ||     3
Throw: Dart              |     6 |    16 ||    22
  Use: Scroll            |       |    12 ||    12
       Potion            |       |     1 ||     1
 Stab: Sleeping          |    13 |    12 ||    25
       Distracted        |     1 |       ||     1
Armor: Robe              |    25 |    28 ||    53
Dodge: Dodged            |   112 |    73 ||   185
